TOP OF THE 1ST |
Altoona Curve batting - Pitching for San Antonio Missions : RHP Nick Cunningham
|
Pitching: RHP Nick Cunningham
|
|
Batting: LHB Sammy Roddenberry
|
0-0: Ball 1-0: Ball 2-0: Bunt missed! 2-1: Swinging Strike 2-2: Fly out, F8 (Flyball, 8RM, EV 96.9 MPH)
|
Batting: RHB Jose Almonte
|
0-0: Called Strike 0-1: Ball 1-1: Ball 2-1: Ball 3-1: Foul Ball, location: 2F 3-2: Ground out 6-3 (Groundball, 6D, EV 108.8 MPH)
|
Batting: LHB Phil DeCamp
|
0-0: Called Strike 0-1: Ball 1-1: Ball 2-1: Foul Ball, location: 2F 2-2: Foul Ball, location: 2F 2-2: SINGLE (Groundball, 4, EV 97.5 MPH)
|
Batting: LHB Marc Carter
|
0-0: Ball 1-0: Called Strike 1-1: Ball 2-1: Ball 3-1: Fielders Choice at 2nd, U6 (Groundball, 4M, EV 86.9 MPH)
|
Top of the 1st over - 0 runs, 1 hit, 0 errors, 1 left on base; Altoona 0 - San Antonio 0 |
BOTTOM OF THE 1ST |
San Antonio Missions batting - Pitching for Altoona Curve : RHP Joreão Zquete
|
Pitching: RHP Joreão Zquete
|
|
Batting: RHB Jaden Scott
|
0-0: Called Strike 0-1: Ball 1-1: Fly out, F9 (Flyball, 9D, EV 95.6 MPH)
|
Batting: LHB Matt Patnaude
|
0-0: Called Strike 0-1: Reached on error, E4 (Groundball, 4, EV 98.8 MPH)
|
Batting: RHB Mike Maserang
|
0-0: Ball 1-0: Ball 2-0: SINGLE (Groundball, 6MD, EV 98.1 MPH) Matt Patnaude to third Runner from 3rd tries for Home, SAFE, throw by CF to home
|
Batting: RHB John Freeman
|
0-0: Called Strike 0-1: Ball 1-1: Ball 2-1: Foul Ball, location: 2F 2-2: Ball 3-2: Base on Balls Mike Maserang to second
|
Batting: RHB Joe Weissman
|
0-0: Ball 1-0: Called Strike 1-1: Fly out, F9 (Flyball, 9, EV 95.6 MPH)
|
Batting: RHB Adrian Martinelli
|
0-0: Swinging Strike 0-1: Ball 1-1: SINGLE (Flyball, 6D, EV 90.0 MPH) Mike Maserang to third John Freeman to second Runner from 3rd tries for Home, SAFE, throw by CF to home
|
Batting: RHB David Aguilar
|
0-0: Ball 1-0: Fly out, F8 (Flyball, 8LD, EV 83.1 MPH)
|
Bottom of the 1st over - 2 runs, 2 hits, 1 error, 2 left on base; Altoona 0 - San Antonio 2 |
TOP OF THE 2ND |
Altoona Curve batting - Pitching for San Antonio Missions : RHP Nick Cunningham
|
Batting: LHB Jorge Quintana
|
0-0: Ball 1-0: Ball 2-0: Foul Ball, location: 2F 2-1: Ball 3-1: Foul Ball, location: 2F 3-2: Ground out 4-3 (Groundball, 4S, EV 82.5 MPH)
|
Batting: LHB Gregg Kellerman
|
0-0: Ball 1-0: SOLO HOME RUN (Flyball, 8RXD, EV 115.0 MPH), Distance : 433 ft
|
Batting: RHB Mike Velazquez
|
0-0: Called Strike 0-1: Ball 1-1: Called Strike 1-2: Foul Ball, location: 2F 1-2: Strikes out swinging
|
Batting: SHB Curtis Thompson
|
0-0: Called Strike 0-1: Ball 1-1: Called Strike 1-2: Ball 2-2: Ball 3-2: Strikes out swinging
|
Top of the 2nd over - 1 run, 1 hit, 0 errors, 0 left on base; Altoona 1 - San Antonio 2 |
BOTTOM OF THE 2ND |
San Antonio Missions batting - Pitching for Altoona Curve : RHP Joreão Zquete
|
Batting: LHB Josh Slusarczyk
|
0-0: Ball 1-0: Foul Ball, location: 2F 1-1: Called Strike 1-2: Ground out 6-3 (Groundball, 4M, EV 110.6 MPH)
|
Batting: RHB Roberto Monzon
|
0-0: Ball 1-0: Ball 2-0: Ball 3-0: Called Strike 3-1: Reached via error on a dropped throw from 1B, E1 (Groundball, 34, EV 86.2 MPH)
|
Batting: RHB Jaden Scott
|
0-0: Called Strike Roberto Monzon steals 2nd base 0-1: Swinging Strike 0-2: Strikes out swinging
|
Batting: LHB Matt Patnaude
|
0-0: Called Strike 0-1: Ball 1-1: Fly out, F9 (Flyball, 9LM, EV 87.5 MPH)
|
Bottom of the 2nd over - 0 runs, 0 hits, 1 error, 1 left on base; Altoona 1 - San Antonio 2 |
TOP OF THE 3RD |
Altoona Curve batting - Pitching for San Antonio Missions : RHP Nick Cunningham
|
Batting: RHB Pleun Smit
|
0-0: Ball 1-0: Ball 2-0: Called Strike 2-1: Swinging Strike 2-2: Foul Ball, location: 2F 2-2: Foul Ball, location: 2F 2-2: Foul Ball, location: 2F 2-2: Strikes out swinging
|
Batting: LHB Sammy Roddenberry
|
0-0: Ball 1-0: Fly out, F7 (Flyball, 7, EV 86.2 MPH)
|
Batting: RHB Jose Almonte
|
0-0: Called Strike 0-1: Ball 1-1: Swinging Strike 1-2: Ball 2-2: Foul Ball, location: 2F 2-2: Ground out 4-3 (Groundball, 4S, EV 56.9 MPH)
|
Top of the 3rd over - 0 runs, 0 hits, 0 errors, 0 left on base; Altoona 1 - San Antonio 2 |
BOTTOM OF THE 3RD |
San Antonio Missions batting - Pitching for Altoona Curve : RHP Joreão Zquete
|
Batting: RHB Mike Maserang
|
0-0: DOUBLE (Line Drive, 8RXD, EV 110.0 MPH)
|
Batting: RHB John Freeman
|
0-0: Called Strike 0-1: Ball 1-1: Called Strike 1-2: Ground out 1-3 (Groundball, 15, EV 65.0 MPH)
|
Batting: RHB Joe Weissman
|
0-0: Foul Ball, location: 2F 0-1: Fly out, F4 (Popup, 4D, EV 51.9 MPH)
|
Batting: RHB Adrian Martinelli
|
0-0: Ball 1-0: Swinging Strike 1-1: Swinging Strike 1-2: Strikes out looking
|
Bottom of the 3rd over - 0 runs, 1 hit, 0 errors, 1 left on base; Altoona 1 - San Antonio 2 |
TOP OF THE 4TH |
Altoona Curve batting - Pitching for San Antonio Missions : RHP Nick Cunningham
|
Batting: LHB Phil DeCamp
|
0-0: Swinging Strike 0-1: Ball 1-1: Ball 2-1: Foul Ball, location: 2F 2-2: Ball 3-2: SINGLE (Groundball, 3S, EV 71.2 MPH) (infield hit)
|
Batting: LHB Marc Carter
|
0-0: Called Strike 0-1: Ball 1-1: Ball Phil DeCamp is caught stealing 2nd base 2-6 2-1: Fly out, F6 (Flyball, 4MD, EV 92.5 MPH)
|
Batting: LHB Jorge Quintana
|
0-0: Swinging Strike 0-1: Ball 1-1: Swinging Strike 1-2: Ball 2-2: Foul Ball, location: 2F 2-2: Fly out, F8 (Flyball, 8LD, EV 90.6 MPH)
|
Top of the 4th over - 0 runs, 1 hit, 0 errors, 0 left on base; Altoona 1 - San Antonio 2 |
BOTTOM OF THE 4TH |
San Antonio Missions batting - Pitching for Altoona Curve : RHP Joreão Zquete
|
Batting: RHB David Aguilar
|
0-0: Called Strike 0-1: Ball 1-1: Ground out 4-3 (Groundball, 4, EV 104.4 MPH)
|
Batting: LHB Josh Slusarczyk
|
0-0: Called Strike 0-1: Called Strike 0-2: Ball 1-2: DOUBLE (Flyball, 8LXD, EV 108.8 MPH)
|
Batting: RHB Roberto Monzon
|
0-0: Ground out 6-3 (Groundball, 6, EV 84.4 MPH) Josh Slusarczyk to third
|
Batting: RHB Jaden Scott
|
0-0: Swinging Strike 0-1: Ball 1-1: Swinging Strike 1-2: Ball 2-2: Strikes out swinging
|
Bottom of the 4th over - 0 runs, 1 hit, 0 errors, 1 left on base; Altoona 1 - San Antonio 2 |
TOP OF THE 5TH |
Altoona Curve batting - Pitching for San Antonio Missions : RHP Nick Cunningham
|
Batting: LHB Gregg Kellerman
|
0-0: Ball 1-0: Ball 2-0: Fly out, F7 (Flyball, 78S, EV 71.9 MPH)
|
Batting: RHB Mike Velazquez
|
0-0: Ball 1-0: Ball 2-0: Ground out 1-3 (Groundball, 15S, EV 68.8 MPH)
|
Batting: SHB Curtis Thompson
|
0-0: Foul Ball, location: 2F 0-1: Swinging Strike 0-2: Strikes out looking
|
Top of the 5th over - 0 runs, 0 hits, 0 errors, 0 left on base; Altoona 1 - San Antonio 2 |
BOTTOM OF THE 5TH |
San Antonio Missions batting - Pitching for Altoona Curve : RHP Joreão Zquete
|
Batting: LHB Matt Patnaude
|
0-0: Foul Ball, location: 2F 0-1: Called Strike 0-2: Strikes out swinging
|
Batting: RHB Mike Maserang
|
0-0: Ball 1-0: Ball 2-0: Ball 3-0: Base on Balls
|
Batting: RHB John Freeman
|
0-0: Called Strike 0-1: Foul Ball, location: 2F 0-2: Ball 1-2: Foul Ball, location: 2F 1-2: Ball 2-2: Foul Ball, location: 2F 2-2: Foul Ball, location: 2F 2-2: Ground out 4-3 (Groundball, 34, EV 105.0 MPH) Mike Maserang to second
|
Batting: RHB Joe Weissman
|
0-0: Called Strike 0-1: Ball 1-1: Ground out 6-3 (Groundball, 6M, EV 101.9 MPH)
|
Bottom of the 5th over - 0 runs, 0 hits, 0 errors, 1 left on base; Altoona 1 - San Antonio 2 |
TOP OF THE 6TH |
Altoona Curve batting - Pitching for San Antonio Missions : RHP Nick Cunningham
|
Batting: RHB Pleun Smit
|
0-0: Called Strike 0-1: Foul Ball, location: 2F 0-2: Foul Ball, location: 2F 0-2: Ball 1-2: Ground out 4-3 (Groundball, 4M, EV 78.1 MPH)
|
Batting: LHB Sammy Roddenberry
|
0-0: Foul Ball, location: 2F 0-1: Ball 1-1: Fly out, F7 (Flyball, 7D, EV 88.8 MPH)
|
Batting: RHB Jose Almonte
|
0-0: Called Strike 0-1: Ball 1-1: Called Strike 1-2: Ball 2-2: Ball 3-2: Ground out 6-3 (Groundball, 56, EV 100.0 MPH)
|
Top of the 6th over - 0 runs, 0 hits, 0 errors, 0 left on base; Altoona 1 - San Antonio 2 |
BOTTOM OF THE 6TH |
San Antonio Missions batting - Pitching for Altoona Curve : RHP Joreão Zquete
|
Batting: RHB Adrian Martinelli
|
0-0: Fly out, F1 (Popup, P, EV 85.6 MPH)
|
Batting: RHB David Aguilar
|
0-0: Foul Ball, location: 2F 0-1: Ball 1-1: Fly out, F4 (Popup, 4MD, EV 58.1 MPH)
|
Batting: LHB Josh Slusarczyk
|
0-0: Ball 1-0: Foul Ball, location: 2F 1-1: Foul Ball, location: 2F 1-2: Strikes out swinging
|
Bottom of the 6th over - 0 runs, 0 hits, 0 errors, 0 left on base; Altoona 1 - San Antonio 2 |
TOP OF THE 7TH |
Altoona Curve batting - Pitching for San Antonio Missions : RHP Nick Cunningham
|
Pitching: RHP Moby Cock
|
|
Batting: LHB Phil DeCamp
|
0-0: Foul Ball, location: 2F 0-1: Swinging Strike 0-2: Strikes out swinging
|
Batting: LHB Marc Carter
|
0-0: Called Strike 0-1: Ball 1-1: Foul Ball, location: 2F 1-2: Strikes out swinging
|
Batting: LHB Jorge Quintana
|
0-0: Foul Ball, location: 2F 0-1: Ball 1-1: Ground out U3 (Groundball, 34, EV 86.9 MPH)
|
Top of the 7th over - 0 runs, 0 hits, 0 errors, 0 left on base; Altoona 1 - San Antonio 2 |
BOTTOM OF THE 7TH |
San Antonio Missions batting - Pitching for Altoona Curve : RHP Joreão Zquete
|
Batting: RHB Roberto Monzon
|
0-0: Called Strike 0-1: Ball 1-1: Ball 2-1: Ground out 6-3 (Groundball, 6MS, EV 84.4 MPH)
|
Batting: RHB Jaden Scott
|
0-0: Called Strike 0-1: Foul Ball, location: 2F 0-2: DOUBLE (Line Drive, 78XD, EV 107.5 MPH)
|
Batting: LHB Matt Patnaude
|
0-0: Called Strike 0-1: Ball 1-1: Called Strike 1-2: Ground out U3 (Groundball, 3L, EV 85.0 MPH) Jaden Scott to third
|
Batting: RHB Mike Maserang
|
0-0: Swinging Strike 0-1: Swinging Strike 0-2: Ground out 4-3 (Groundball, 4, EV 85.0 MPH)
|
Bottom of the 7th over - 0 runs, 1 hit, 0 errors, 1 left on base; Altoona 1 - San Antonio 2 |
TOP OF THE 8TH |
Altoona Curve batting - Pitching for San Antonio Missions : RHP Moby Cock
|
Pitching: RHP Colin Dorsey
|
|
Batting: LHB Gregg Kellerman
|
0-0: Called Strike 0-1: Called Strike 0-2: Ball 1-2: Ground out 5-3 (Groundball, 6, EV 84.4 MPH)
|
Batting: RHB Mike Velazquez
|
0-0: Called Strike 0-1: Called Strike 0-2: Strikes out swinging
|
Batting: SHB Curtis Thompson
|
0-0: Ball 1-0: Ball 2-0: Called Strike 2-1: Ground out 4-3 (Groundball, 4S, EV 85.6 MPH)
|
Top of the 8th over - 0 runs, 0 hits, 0 errors, 0 left on base; Altoona 1 - San Antonio 2 |
BOTTOM OF THE 8TH |
San Antonio Missions batting - Pitching for Altoona Curve : RHP Joreão Zquete
|
Pitching: RHP Shinya Ito
|
|
Batting: RHB John Freeman
|
0-0: Foul Ball, location: 2F 0-1: Swinging Strike 0-2: Ball 1-2: Ball 2-2: Foul Ball, location: 2F 2-2: Ball 3-2: Ground out 3-1 (Groundball, 34D, EV 105.6 MPH)
|
Batting: RHB Joe Weissman
|
0-0: Swinging Strike 0-1: Ball 1-1: Ball 2-1: Swinging Strike 2-2: Foul Ball, location: 2F 2-2: Foul Ball, location: 2F 2-2: Strikes out looking
|
Batting: RHB Adrian Martinelli
|
0-0: Foul Ball, location: 2F 0-1: Swinging Strike 0-2: Ground out 4-3 (Groundball, 4S, EV 83.1 MPH)
|
Bottom of the 8th over - 0 runs, 0 hits, 0 errors, 0 left on base; Altoona 1 - San Antonio 2 |
TOP OF THE 9TH |
Altoona Curve batting - Pitching for San Antonio Missions : RHP Colin Dorsey
|
Pitching: LHP Ismael Diaz
|
|
Batting: RHB Pleun Smit
|
0-0: Called Strike 0-1: Called Strike 0-2: Ball 1-2: Ball 2-2: Ball 3-2: Foul Ball, location: 2F 3-2: SINGLE (Groundball, 4D, EV 95.0 MPH)
|
Batting: LHB Sammy Roddenberry
|
0-0: Bunt missed! 0-1: Bunted foul 0-2: Foul Ball, location: 2F 0-2: Ball 1-2: Ball 2-2: Ball 3-2: Base on Balls Pleun Smit to second
|
Batting: RHB Jose Almonte
|
0-0: Bunt missed! 0-1: Sac Bunt to 3S - play at first, batter OUT! 3-1 Pleun Smit to third Sammy Roddenberry to second
|
Batting: RHB Richard Barrios
|
0-0: Ball 1-0: Foul Ball, location: 2F 1-1: Called Strike 1-2: Foul Ball, location: 2F 1-2: Foul Ball, location: 2F 1-2: Ball 2-2: Foul Ball, location: 2F 2-2: Strikes out swinging
|
Batting: LHB Marc Carter
|
0-0: Intentional Walk
|
Pitching: RHP Bryan Pitcher
|
|
Batting: LHB Jorge Quintana
|
0-0: Ball 1-0: Called Strike 1-1: Ball 2-1: Fly out, F8 (Line Drive, 8LD, EV 94.4 MPH)
|
Top of the 9th over - 0 runs, 1 hit, 0 errors, 3 left on base; Altoona 1 - San Antonio 2 |
|